[Event "Titled Tuesday Blitz August 1 Late 2023"]
[White "Grigoriants, Sergey"]
[Black "Cremisi, Daniel"]
[WhiteFideId "4130804"]
[BlackFideId "2089882"]
[WhiteElo "2842"]
[BlackElo "2554"]
[Result "1-0"]
[Round "3"]
[TimeControl "180+1"]
[Date "2023.08.01"]
[WhiteClock "0:00:38"]
[BlackClock "0:00:36"]
[Board "26"]

1. d4 Nf6 2. c4 c6 3. Bf4 d5 4. e3 e6 5. Nc3 Bd6 6. Bg3 O-O 7. Nf3 Qe7 8. Bd3 Nbd7 9. O-O dxc4 10. Bxc4 e5 11. Re1 Rd8 12. Qc2 b5 13. Bb3 Bb7 14. Ng5 Rf8 15. f4 exd4 16. exd4 Qd8 17. Rad1 h6 18. Nf3 b4 19. Na4 Rc8 20. Nc5 Qc7 21. Ne5 Bxc5 22. dxc5 Nxe5 23. fxe5 Nd5 24. e6 Qa5 25. Bd6 Rfe8 26. exf7+ Kxf7 27. Qh7 Ba6 28. Rf1+ Bxf1 29. Rxf1+ Ke6 30. Qf5# 1-0


[Site "https://www.chess.com"]

[Event "Titled Tuesday Blitz August 1 Late 2023"]
[White "Pichot, Alan"]
[Black "Moral Garcia, Serafin"]
[WhiteFideId "110973"]
[BlackFideId "2201925"]
[WhiteElo "2840"]
[BlackElo "2532"]
[Result "1/2-1/2"]
[Round "3"]
[TimeControl "180+1"]
[Date "2023.08.01"]
[WhiteClock "0:00:20"]
[BlackClock "0:00:20"]
[Board "27"]

1. e4 e5 2. Nf3 Nf6 3. Nc3 Nc6 4. Bb5 Bb4 5. Bxc6 dxc6 6. d3 Nd7 7. O-O O-O 8. Ne2 Re8 9. Ng3 Nf8 10. Be3 f6 11. Kh1 Ne6 12. a3 Bf8 13. Nd2 c5 14. Qb1 a5 15. a4 b6 16. b3 Qd7 17. Nc4 Ba6 18. Ne2 Nd4 19. Nc3 Bb7 20. Qd1 Rad8 21. Qd2 Qf7 22. f4 exf4 23. Rxf4 Bd6 24. Nxd6 Rxd6 25. Raf1 Qe7 26. Qf2 Red8 27. Rh4 Re6 28. Bxd4 Rxd4 29. Ne2 Rd8 30. Ng3 Bc8 31. Nf5 Qf8 32. Qg3 Rc6 33. Rg4 Bxf5 34. Rxf5 Rd7 35. h4 Qd6 36. Qf2 Re7 37. h5 h6 38. Rg6 Kh7 39. Qe3 Qd8 40. Rf4 Rce6 41. Qg3 Qd6 42. Qg4 Qe5 43. Rxh6+ Kg8 44. Rg6 f5 45. exf5 Qa1+ 46. Kh2 Re1 47. Re6 R7xe6 48. fxe6 Rh1+ 49. Kg3 Qe1+ 50. Rf2 Qe3+ 51. Rf3 Qe1+ 52. Rf2 Qe3+ 53. Qf3 Qg5+ 54. Qg4 Qe3+ 1/2-1/2


[Site "https://www.chess.com"]

[Event "Titled Tuesday Blitz August 1 Late 2023"]
[White "Droin, Augustin"]
[Black "Bazeev, German"]
[WhiteFideId "45105987"]
[BlackFideId "24119350"]
[WhiteElo "2518"]
[BlackElo "2825"]
[Result "0-1"]
[Round "3"]
[TimeControl "180+1"]
[Date "2023.08.01"]
[WhiteClock "0:00:04"]
[BlackClock "0:00:21"]
[Board "28"]

1. e4 c5 2. Nf3 Nf6 3. e5 Nd5 4. Nc3 Nxc3 5. dxc3 Nc6 6. Bf4 Qb6 7. b3 Qc7 8. Qd2 e6 9. h4 h6 10. h5 b6 11. O-O-O a6 12. g4 b5 13. g5 c4 14. gxh6 gxh6 15. Bg2 Bb7 16. Nh2 O-O-O 17. Ng4 Rg8 18. Bf3 Rxg4 19. Bxg4 Qa5 20. Kb1 b4 21. Rh3 Nxe5 22. Be2 cxb3 23. cxb3 Be4+ 24. Ka1 Nc6 25. Qe3 Bf5 26. cxb4 Bg7+ 27. Qc3 Bxc3+ 28. Rxc3 Qb6 29. Rd6 Kb7 30. Bf3 Qxf2 31. Bxc6+ dxc6 32. Rxd8 Qxf4 33. Kb2 Kc7 34. Rf8 Qd2+ 0-1


[Site "https://www.chess.com"]

[Event "Titled Tuesday Blitz August 1 Late 2023"]
[White "Ashraf, Artin"]
[Black "Dushyant Sharma"]
[WhiteFideId "22514805"]
[BlackFideId "25065130"]
[WhiteElo "2825"]
[BlackElo "2515"]
[Result "1-0"]
[Round "3"]
[TimeControl "180+1"]
[Date "2023.08.01"]
[WhiteClock "0:00:07"]
[BlackClock "0:00:23"]
[Board "29"]

1. e4 d5 2. exd5 Nf6 3. d4 Bg4 4. f3 Bf5 5. c4 e6 6. dxe6 Nc6 7. Be3 Bb4+ 8. Nc3 O-O 9. d5 Ne5 10. Bd4 Qd6 11. Qb3 c5 12. exf7+ Rxf7 13. Bf2 Re8 14. O-O-O Nfg4 15. Bg3 Ne3 16. Nge2 Nxd1 17. Kxd1 Bd3 18. Nf4 Bxf1 19. Rxf1 g5 20. Nd3 Qg6 21. Nxe5 Rxe5 22. Bxe5 Qd3+ 23. Ke1 Re7 24. Kf2 Rxe5 25. Ne4 Qd4+ 26. Kg3 Bd2 27. h3 Bf4+ 28. Kg4 Re7 29. Qc3 h5+ 30. Kxh5 Rh7+ 31. Kg4 Qxc3 32. bxc3 Kf7 33. g3 Be5 34. Nxg5+ Kg6 35. Nxh7 Kxh7 36. Re1 Bxc3 37. Re7+ Kg6 38. Rxb7 a5 39. d6 Kf6 40. f4 Ke6 41. d7 Ke7 42. h4 a4 43. h5 Bg7 44. h6 Bxh6 45. Kf5 Bxf4 46. gxf4 Kd8 47. Ke6 a3 48. Rb8+ Kc7 49. d8=Q+ Kc6 50. Qd6# 1-0


[Site "https://www.chess.com"]

[Event "Titled Tuesday Blitz August 1 Late 2023"]
[White "Mordechai, Hanan"]
[Black "Lamaze, Simon"]
[WhiteFideId "2804166"]
[BlackFideId "36069264"]
[WhiteElo "2514"]
[BlackElo "2808"]
[Result "0-1"]
[Round "3"]
[TimeControl "180+1"]
[Date "2023.08.01"]
[WhiteClock "0:00:08"]
[BlackClock "0:00:10"]
[Board "30"]

1. c4 e6 2. g3 d5 3. Bg2 Nf6 4. Nf3 a6 5. Qc2 dxc4 6. Qxc4 b5 7. Qc2 Bb7 8. O-O Nbd7 9. a4 Bd6 10. b3 O-O 11. Bb2 c5 12. Nc3 b4 13. Nd1 Rc8 14. Ne3 e5 15. Nc4 Qe7 16. d3 Bb8 17. Rfc1 Rfd8 18. Nfxe5 Bxg2 19. Nxd7 Bh3 20. Nxf6+ gxf6 21. Qd2 Rc6 22. Qh6 Bf5 23. Re1 Bg6 24. Rac1 Be5 25. Nxe5 fxe5 26. Qe3 f6 27. f4 e4 28. d4 cxd4 29. Bxd4 Rdc8 30. Rxc6 Rxc6 31. Rc1 Qc7 32. Bc5 Qd7 33. Kf2 Qf5 34. Bxb4 Rxc1 35. Qxc1 Bf7 36. Qe3 Bd5 37. Bc5 Qh3 38. Kg1 Qe6 39. b4 Bc4 40. a5 Qd5 41. Qd4 Qe6 42. Kf2 Kf7 43. Qd6 Qf5 44. Qf8+ Kg6 45. Qg8+ Bxg8 0-1


[Site "https://www.chess.com"]

[Event "Titled Tuesday Blitz August 1 Late 2023"]
[White "Kovalevsky, Stanislav"]
[Black "Hambleton, Aman"]
[WhiteFideId "13508598"]
[BlackFideId "2606577"]
[WhiteElo "2512"]
[BlackElo "2806"]
[Result "0-1"]
[Round "3"]
[TimeControl "180+1"]
[Date "2023.08.01"]
[WhiteClock "0:00:00"]
[BlackClock "0:00:04"]
[Board "31"]

1. c4 c5 2. Nc3 b6 3. Nf3 Bb7 4. g3 Bxf3 5. exf3 Nc6 6. Bg2 g6 7. h4 h5 8. d3 Bg7 9. f4 Nh6 10. O-O Nf5 11. Re1 O-O 12. a3 e6 13. Rb1 Rc8 14. Bd2 d6 15. b4 Qd7 16. Ne4 Rfd8 17. Bc3 Ncd4 18. Qd2 d5 19. Ng5 dxc4 20. dxc4 cxb4 21. Rxb4 Nc6 22. Qxd7 Rxd7 23. Bxc6 Rxc6 24. Bxg7 Kxg7 25. Ra4 Rdc7 26. Rd1 Nd6 27. c5 bxc5 28. Nf3 Nf5 29. Ne5 Rd6 30. Rb1 Rb6 31. Rd1 Nd6 32. Kg2 Kf8 33. f3 Ke7 34. g4 c4 35. f5 gxf5 36. gxh5 c3 37. h6 c2 38. Rc1 Rb8 39. Kf2 Rh8 40. Ke2 Rxh6 41. Kd2 a5 42. Rxc2 Rb7 43. Rd4 Kf6 44. f4 Nb5 45. Rd6 Nxd6 46. Rc6 Ne4+ 47. Ke3 Rxh4 0-1


[Site "https://www.chess.com"]

[Event "Titled Tuesday Blitz August 1 Late 2023"]
[White "Jimenez Jimenez, Leandro"]
[Black "Bauman_Guy"]
[WhiteFideId "6415253"]
[WhiteElo "2502"]
[BlackElo "2804"]
[Result "0-1"]
[Round "3"]
[TimeControl "180+1"]
[Date "2023.08.01"]
[WhiteClock "0:00:00"]
[BlackClock "0:01:10"]
[Board "32"]

1. d4 Nf6 2. c4 e6 3. Nf3 b6 4. g3 Ba6 5. Qc2 Bb7 6. Bg2 c5 7. d5 exd5 8. Nh4 g6 9. Nc3 Bg7 10. cxd5 O-O 11. O-O d6 12. e4 a6 13. a4 Nbd7 14. h3 Re8 15. Bd2 Bc8 16. Nf3 h6 17. Rfe1 Qc7 18. Bf4 Nh5 19. Be3 g5 20. Rad1 Rb8 21. Bf1 Nhf6 22. h4 g4 23. Nh2 Ne5 24. Qd2 h5 25. Bh6 Bh8 26. Qg5+ Kh7 27. Qc1 Rg8 28. Bg5 Rg6 29. Bg2 Kg8 30. Ne2 Nh7 31. Nf4 Nxg5 32. Nxg6 Nh3+ 33. Bxh3 Nxg6 34. Bg2 b5 35. axb5 Rxb5 36. Bf1 Rxb2 37. Re2 Rb4 38. Ra2 a5 39. Qa3 a4 40. Qc1 Qe7 41. Qg5 Qxg5 42. hxg5 Bb2 43. Rd2 a3 44. Bd3 Rd4 45. Kf1 Ne5 46. Ke2 Nxd3 47. Rdxb2 axb2 48. Rxb2 Nxb2 0-1


[Site "https://www.chess.com"]

[Event "Titled Tuesday Blitz August 1 Late 2023"]
[White "Grigorov, Grigor"]
[Black "Romero Pallares, Daniel"]
[WhiteFideId "2907313"]
[BlackFideId "32025637"]
[WhiteElo "2793"]
[BlackElo "2499"]
[Result "0-1"]
[Round "3"]
[TimeControl "180+1"]
[Date "2023.08.01"]
[WhiteClock "0:02:04"]
[BlackClock "0:01:52"]
[Board "33"]

1. Nf3 g6 2. d4 Bg7 3. e4 d6 4. Bd3 Nf6 5. O-O O-O 6. c3 Nc6 7. Bg5 h6 8. Bh4 e5 9. dxe5 Nxe5 10. Nxe5 dxe5 11. Qc2 b6 12. Nd2 Bb7 13. Nc4 Qe7 14. b4 Qe6 15. Ne3 a5 16. a3 Ng4 17. Bc4 Nxe3 0-1


[Site "https://www.chess.com"]

[Event "Titled Tuesday Blitz August 1 Late 2023"]
[White "Basso, Pier Luigi"]
[Black "Manukian, Artak"]
[WhiteFideId "866970"]
[BlackFideId "13301373"]
[WhiteElo "2790"]
[BlackElo "2484"]
[Result "1-0"]
[Round "3"]
[TimeControl "180+1"]
[Date "2023.08.01"]
[WhiteClock "0:02:26"]
[BlackClock "0:01:47"]
[Board "34"]

1. e4 c6 2. c4 d5 3. cxd5 cxd5 4. exd5 Nf6 5. Qa4+ Nbd7 6. Nc3 g6 7. Nf3 Bg7 8. Bc4 O-O 9. d3 Nb6 10. Qb3 Bf5 11. O-O Rc8 12. Re1 Nfd7 13. Bg5 Nc5 14. Qa3 Re8 15. Bb5 Nxd3 16. Bxe7 Nxe1 17. Bxd8 Nxf3+ 18. gxf3 Rcxd8 19. Bxe8 Rxe8 20. Qxa7 Nc4 21. Qxb7 Ne5 22. d6 Nxf3+ 23. Qxf3 1-0


[Site "https://www.chess.com"]

[Event "Titled Tuesday Blitz August 1 Late 2023"]
[White "Rios Escobar, Adan"]
[Black "Krzyzanowski, Marcin"]
[WhiteFideId "3403645"]
[BlackFideId "1132199"]
[WhiteElo "2464"]
[BlackElo "2779"]
[Result "0-1"]
[Round "3"]
[TimeControl "180+1"]
[Date "2023.08.01"]
[WhiteClock "0:00:00"]
[BlackClock "0:00:29"]
[Board "35"]

1. d4 Nf6 2. g3 c5 3. d5 b5 4. a4 b4 5. c4 d6 6. b3 g6 7. Bb2 Bg7 8. Bg2 O-O 9. Nh3 a5 10. O-O Ra7 11. Nd2 e5 12. dxe6 fxe6 13. Qc2 e5 14. Rad1 Bf5 15. e4 Bg4 16. f3 Bc8 17. Rf2 Nc6 18. Nf1 Nd4 19. Qd3 h6 20. Kh1 Raf7 21. Ne3 Be6 22. Bxd4 cxd4 23. Nd5 Nd7 24. Ng1 Nc5 25. Qb1 h5 26. f4 h4 27. Rdf1 hxg3 28. hxg3 Bg4 29. f5 Qg5 30. Bh3 gxf5 31. exf5 e4 32. f6 Bh6 33. Bxg4 Qxg4 34. Qd1 Qxd1 35. Rxd1 e3 36. Rf5 d3 37. Rh5 Rh7 0-1


[Site "https://www.chess.com"]

[Event "Titled Tuesday Blitz August 1 Late 2023"]
[White "Harriott, Tyrell"]
[Black "Mahdavi, Reza"]
[WhiteFideId "2086484"]
[BlackFideId "12595926"]
[WhiteElo "2451"]
[BlackElo "2771"]
[Result "0-1"]
[Round "3"]
[TimeControl "180+1"]
[Date "2023.08.01"]
[WhiteClock "0:00:00"]
[BlackClock "0:01:42"]
[Board "36"]

1. d4 Nf6 2. e3 g6 3. Bd3 Bg7 4. f4 O-O 5. Nf3 d6 6. O-O Nc6 7. e4 e5 8. d5 Nb4 9. fxe5 dxe5 10. c4 c6 11. Kh1 cxd5 12. cxd5 Bd7 13. Be3 Re8 14. Nc3 a6 15. Bc5 Nxd3 16. Qxd3 Rc8 17. Qe3 Ng4 18. Qg1 Qa5 19. Bb6 Qb4 20. Rab1 Nf6 21. a3 Qd6 22. Qe3 Rc4 23. h3 Nh5 24. Nd2 Rd4 25. Ba7 b6 26. Rf3 Ra8 27. Rbf1 Be8 28. Ne2 Rxa7 29. Nxd4 exd4 30. Qd3 Bb5 31. Nc4 Bxc4 32. Qxc4 Ng3+ 33. Rxg3 Qxg3 34. Qc8+ Bf8 35. Qe8 Re7 36. Qd8 Rxe4 0-1


[Site "https://www.chess.com"]

[Event "Titled Tuesday Blitz August 1 Late 2023"]
[White "Rodriguez Fontecha, Marcos"]
[Black "Elsa167"]
[WhiteFideId "2256576"]
[WhiteElo "2425"]
[BlackElo "2770"]
[Result "0-1"]
[Round "3"]
[TimeControl "180+1"]
[Date "2023.08.01"]
[WhiteClock "0:00:00"]
[BlackClock "0:00:07"]
[Board "37"]

1. e4 e6 2. d4 d5 3. Nc3 Bb4 4. Ne2 dxe4 5. a3 Bxc3+ 6. Nxc3 Nc6 7. d5 exd5 8. Qxd5 Nge7 9. Qxd8+ Nxd8 10. Nxe4 Bf5 11. Bd3 Ne6 12. Be3 Bg6 13. O-O-O O-O 14. Nc5 Bxd3 15. Nxe6 Bxc2 16. Rd7 fxe6 17. Rxe7 Be4 18. Rxc7 Bxg2 19. Rg1 Rfc8 20. Rc3 Rxc3+ 21. bxc3 Bd5 22. Bd4 g6 23. Kd2 a6 24. Ke3 Rf8 25. Rb1 Rf3+ 26. Ke2 Rh3 27. Be5 Bc4+ 28. Ke1 Rh5 29. Bg3 Bd5 30. Kd2 Kf7 31. Rb4 Bc6 32. Rf4+ Ke8 33. Rh4 Rd5+ 34. Kc1 h5 35. Rd4 Ra5 36. Bd6 e5 37. Rd2 e4 38. Bb4 Rf5 39. Kb2 Rf3 40. c4 g5 41. Bc5 g4 42. Rd6 Rh3 43. Re6+ Kf7 44. Re7+ Kf6 45. Rh7 Rxh2 46. Kc3 Kg6 47. Rh8 h4 48. Kd4 h3 49. Bd6 Rxf2 50. Ke5 Rf5+ 51. Ke6 Rf6+ 52. Ke5 Rf7 53. Rh4 Kg5 54. Rh8 Kg6 55. Bc5 Bd7 56. Be3 g3 57. Rh6+ Kg7 58. Rh5 h2 59. Rg5+ Kh7 60. Rh5+ Kg8 61. Rg5+ Rg7 62. Rh5 Rh7 63. Rg5+ Kf7 0-1


[Site "https://www.chess.com"]

[Event "Titled Tuesday Blitz August 1 Late 2023"]
[White "Pakleza, Zbigniew"]
[Black "Abduzhaparov"]
[WhiteFideId "1119290"]
[WhiteElo "2764"]
[BlackElo "2387"]
[Result "1-0"]
[Round "3"]
[TimeControl "180+1"]
[Date "2023.08.01"]
[WhiteClock "0:00:05"]
[BlackClock "0:00:00"]
[Board "38"]

1. d4 d6 2. Nf3 Nf6 3. Bf4 Nbd7 4. e3 g6 5. h3 Bg7 6. Be2 O-O 7. O-O Re8 8. c4 a5 9. Nc3 b6 10. Rc1 Bb7 11. Bh2 e5 12. a3 e4 13. Nd2 h5 14. b4 axb4 15. axb4 Nf8 16. Nb5 Ne6 17. Re1 Bf8 18. Bf1 c6 19. Nc3 c5 20. bxc5 bxc5 21. d5 Nc7 22. Rb1 Bc8 23. Qc2 Nd7 24. Ndxe4 Ra6 25. Ra1 Nf6 26. Nxf6+ Qxf6 27. e4 Bg7 28. Rxa6 Nxa6 29. Nb5 Nb4 30. Qb1 Re5 31. Bxe5 Qxe5 32. Qb3 Kh7 33. Qg3 Qxg3 34. fxg3 Be5 35. Ra1 Bxa1 36. Nxd6 Bd7 37. Nxf7 Kg7 38. Ng5 Be5 39. Kf2 Nc2 40. Nf3 Bd4+ 41. Ke2 Be8 42. Kd2 Na1 43. Nxd4 cxd4 44. Kd3 Nb3 45. e5 Kf7 46. Be2 Ke7 47. Bd1 Ba4 48. Bxb3 Bxb3 49. Kxd4 Bd1 50. c5 Be2 51. c6 Bf1 52. d6+ Kd8 53. e6 Bxg2 54. Kc5 Bxh3 55. e7+ 1-0


[Site "https://www.chess.com"]

[Event "Titled Tuesday Blitz August 1 Late 2023"]
[White "Rozen, Eytan"]
[Black "Nikologorsky, Matfei"]
[WhiteFideId "2816750"]
[BlackFideId "24102474"]
[WhiteElo "2757"]
[BlackElo "2358"]
[Result "1-0"]
[Round "3"]
[TimeControl "180+1"]
[Date "2023.08.01"]
[WhiteClock "0:00:20"]
[BlackClock "0:00:09"]
[Board "39"]

1. d4 Nf6 2. Nf3 e6 3. Bg5 d5 4. Nbd2 h6 5. Bxf6 Qxf6 6. e4 c6 7. c3 Nd7 8. Bd3 Qd8 9. O-O dxe4 10. Nxe4 Nf6 11. Nxf6+ Qxf6 12. Ne5 Bd6 13. f4 O-O 14. Qe2 c5 15. dxc5 Bxc5+ 16. Kh1 g6 17. Rf3 Bd6 18. Rd1 Rd8 19. Bc2 Bxe5 20. Rxd8+ Qxd8 21. Qxe5 Bd7 22. Rh3 Kh7 23. Rd3 Qe7 24. h3 Rd8 25. Qd6 Qe8 26. Kh2 a6 27. a4 Kg7 28. a5 f6 29. Ba4 Bxa4 30. Qxd8 Qxd8 31. Rxd8 Kf7 32. Rh8 Kg7 33. Rc8 Bc6 34. b4 h5 35. c4 Be4 36. b5 axb5 37. cxb5 Kf7 38. a6 bxa6 39. bxa6 Ke7 40. a7 Kd7 41. Rc4 Bd5 42. Rd4 1-0


[Site "https://www.chess.com"]

[Event "Titled Tuesday Blitz August 1 Late 2023"]
[White "Vasques, Antonio Pedro Freixial"]
[Black "Volovich, Vasily"]
[WhiteFideId "1908332"]
[BlackFideId "34169676"]
[WhiteElo "2330"]
[BlackElo "2747"]
[Result "0-1"]
[Round "3"]
[TimeControl "180+1"]
[Date "2023.08.01"]
[WhiteClock "0:00:00"]
[BlackClock "0:00:40"]
[Board "40"]

1. e4 e6 2. d4 d5 3. Nd2 c5 4. Ngf3 cxd4 5. Nxd4 Nf6 6. e5 Nfd7 7. N2f3 Nc6 8. Bf4 Qb6 9. Be2 Bc5 10. c3 Qxb2 11. O-O Nxd4 12. cxd4 Be7 13. Bd3 O-O 14. Bg5 Qa3 15. Re1 h6 16. Bxe7 Qxe7 17. Qb3 Nb6 18. a4 Nc4 19. Bxc4 dxc4 20. Qxc4 Bd7 21. Rec1 Rac8 22. Qb3 Bc6 23. Nd2 Bd5 24. Qe3 Qb4 25. Rcb1 Qc3 26. Kf1 b6 27. Ra3 Qc2 28. Ke2 Rfd8 29. f3 Qg6 30. Kf2 Rc2 31. Rd1 Rdc8 32. Qd3 Qg5 0-1


[Site "https://www.chess.com"]

[Event "Titled Tuesday Blitz August 1 Late 2023"]
[White "Skytte, Rasmus"]
[Black "Tsaruk, Maksim"]
[WhiteFideId "1404210"]
[BlackFideId "13511173"]
[WhiteElo "2299"]
[BlackElo "2745"]
[Result "0-1"]
[Round "3"]
[TimeControl "180+1"]
[Date "2023.08.01"]
[WhiteClock "0:00:08"]
[BlackClock "0:00:14"]
[Board "41"]

1. e4 c6 2. d4 d5 3. exd5 cxd5 4. Bd3 Nf6 5. h3 g6 6. c3 Bf5 7. Nf3 e6 8. Bf4 Nc6 9. O-O Bg7 10. Na3 O-O 11. Ne5 Bxd3 12. Qxd3 Ne4 13. Rfe1 Nxe5 14. Bxe5 Bxe5 15. dxe5 Qb6 16. Qe2 f6 17. Qe3 Qxb2 18. c4 fxe5 19. Rab1 Qxf2+ 20. Qxf2 Nxf2 21. Rxe5 d4 22. Rxb7 Nd3 23. Ra5 e5 24. Nb5 a6 25. Nc7 Rab8 26. Rxb8 Rxb8 27. Rxa6 e4 28. Rd6 Nc1 29. Kf2 e3+ 30. Ke1 d3 31. Kd1 Rb1 32. Rd8+ Kf7 33. Rd7+ Kg8 34. Rd8+ Kg7 35. Rd7+ Kh6 36. Rxd3 Nxd3+ 37. Kc2 e2 38. Kxd3 e1=Q 39. Ne6 Rd1+ 40. Kc2 Qe2+ 41. Kb3 Rd3+ 42. Kb4 Qxe6 43. Kb5 Ra3 44. Kb4 Rxa2 45. Kb5 Rxg2 46. Kc5 Rg5+ 47. Kb4 Qc6 48. Kc3 Rc5 49. Kd4 Rxc4+ 50. Ke5 Qe4+ 51. Kd6 Rc6+ 52. Kd7 Qe6+ 53. Kd8 Rc8# 0-1


[Site "https://www.chess.com"]

[Event "Titled Tuesday Blitz August 1 Late 2023"]
[White "Khater, Sherif"]
[Black "Bortnyk, Olexandr"]
[WhiteFideId "2034280"]
[BlackFideId "14120828"]
[WhiteElo "2600"]
[BlackElo "3064"]
[Result "0-1"]
[Round "3"]
[TimeControl "180+1"]
[Date "2023.08.01"]
[WhiteClock "0:00:30"]
[BlackClock "0:00:27"]
[Board "42"]

1. e4 Nf6 2. Nc3 d5 3. exd5 Nxd5 4. Bc4 Nb6 5. Bb3 c5 6. d3 Nc6 7. Nf3 Bf5 8. h3 e6 9. O-O Be7 10. Na4 O-O 11. Nxb6 axb6 12. Re1 b5 13. a3 Bf6 14. g4 Bg6 15. Qe2 Nd4 16. Nxd4 Bxd4 17. Rb1 Qd6 18. Be3 Rfc8 19. Bxd4 Qxd4 20. Qe3 Qxe3 21. Rxe3 c4 22. dxc4 bxc4 23. Ba2 Bxc2 24. Rc1 Bd3 25. Bb1 Bxb1 26. Rxb1 Rd8 27. Rc1 b5 28. Re5 Rd5 29. Re4 Rd2 30. Rb1 Rad8 31. a4 bxa4 32. Rxc4 Ra8 33. Ra1 Rxb2 34. Rcxa4 Rxa4 35. Rxa4 g5 36. Ra5 h6 37. Kg2 Kg7 38. Rc5 Rd2 39. Ra5 Rd5 40. Ra4 Kf6 41. Rb4 Kg6 42. Ra4 Rb5 43. Re4 Ra5 44. Re3 Ra4 45. Re2 Ra3 46. Re4 h5 47. gxh5+ Kxh5 48. Rb4 Rd3 49. Rb8 Rd4 50. Kg3 Kg6 51. Rb5 Kf6 52. Ra5 e5 53. Ra7 Kg6 54. f3 f6 55. Ra2 Rd3 56. Re2 Kf5 57. Re1 Ra3 58. Re4 Rd3 59. Ra4 Rd1 60. h4 Rd4 61. Rxd4 exd4 62. h5 Ke6 63. Kf2 f5 64. Ke2 g4 65. Kf2 Kf6 66. Kg3 d3 67. fxg4 d2 0-1


[Site "https://www.chess.com"]

[Event "Titled Tuesday Blitz August 1 Late 2023"]
[White "Terry, Renato"]
[Black "Rottenwohrer Suarez, Juan"]
[WhiteFideId "3803457"]
[BlackFideId "32068182"]
[WhiteElo "2921"]
[BlackElo "2516"]
[Result "1-0"]
[Round "3"]
[TimeControl "180+1"]
[Date "2023.08.01"]
[WhiteClock "0:01:19"]
[BlackClock "0:00:00"]
[Board "43"]

1. e4 c6 2. Nf3 d5 3. exd5 cxd5 4. Ne5 Nd7 5. d4 e6 6. Bd3 Ngf6 7. O-O Nxe5 8. dxe5 Nd7 9. Re1 Nc5 10. Nc3 Nxd3 11. cxd3 Be7 12. Qg4 Kf8 13. Be3 h5 14. Qf4 g5 15. Qd4 Bd7 16. Nxd5 Bc6 17. Nxe7 Qxd4 18. Bxd4 Kxe7 19. Bc5+ Kd7 20. d4 Bd5 21. Bb4 Rac8 22. Bc3 b6 23. a3 g4 24. Re3 h4 25. Rae1 Rcg8 26. Rc1 h3 27. gxh3 gxh3+ 28. Rg3 a5 29. Kf1 Rg6 30. Ke2 Bg2 31. Bd2 Rc8 32. Bc3 Rc6 33. Ke3 Rc7 34. Re1 Rc6 35. Kd2 Rc8 36. Ree3 Rcg8 37. Kc2 Rxg3 38. fxg3 Rc8 39. Kb3 Rc6 40. Kc2 1-0


[Site "https://www.chess.com"]

[Event "Titled Tuesday Blitz August 1 Late 2023"]
[White "Harshavardhan G B"]
[Black "Karwowski, Kacper"]
[WhiteFideId "25059009"]
[BlackFideId "1126032"]
[WhiteElo "2866"]
[BlackElo "2559"]
[Result "1-0"]
[Round "3"]
[TimeControl "180+1"]
[Date "2023.08.01"]
[WhiteClock "0:00:26"]
[BlackClock "0:00:00"]
[Board "44"]

1. d4 d5 2. c4 e6 3. Nc3 a6 4. cxd5 exd5 5. Qb3 c5 6. Qxd5 cxd4 7. Qxd8+ Kxd8 8. Ne4 Bf5 9. Ng3 Bg6 10. Nf3 Nc6 11. e3 Bc5 12. Bc4 dxe3 13. Bxe3 Bxe3 14. fxe3 f6 15. O-O Nge7 16. e4 Kc7 17. Rac1 Rad8 18. Bb3 Kb8 19. Rfe1 Ne5 20. Nxe5 fxe5 21. h4 Rhf8 22. Rc5 Nc6 23. Re3 Rd2 24. h5 Bf7 25. Rc2 Rxc2 26. Bxc2 Bxa2 27. b3 Nd4 28. Bd1 Rc8 29. Kh2 Rc1 30. Rd3 Bb1 31. Rd2 Rc3 32. Nf5 Nxf5 33. exf5 Bxf5 34. Rd8+ Rc8 35. Rd5 Re8 36. g4 Be4 37. Rd2 Re7 38. Kg3 g5 39. Rd8+ Kc7 40. Rg8 Bc6 41. Rxg5 e4 42. Be2 e3 43. Rf5 Kd6 44. Kf4 Bb5 45. Kf3 Bxe2+ 46. Kxe2 Re4 47. g5 Rh4 48. h6 Ke6 49. Rf6+ Ke7 50. Rb6 Rh2+ 51. Kxe3 Rh3+ 52. Kf4 Kf8 53. Rxb7 a5 54. Rxh7 Rxb3 55. Ra7 Rb4+ 56. Kf5 Rb5+ 57. Kg6 Rb6+ 58. Kh5 Rb1 59. h7 Rh1+ 60. Kg6 1-0


[Site "https://www.chess.com"]

[Event "Titled Tuesday Blitz August 1 Late 2023"]
[White "Rustemov, Alexander"]
[Black "Haszon, David"]
[WhiteFideId "4119002"]
[BlackFideId "733610"]
[WhiteElo "2839"]
[BlackElo "2501"]
[Result "1-0"]
[Round "3"]
[TimeControl "180+1"]
[Date "2023.08.01"]
[WhiteClock "0:01:02"]
[BlackClock "0:00:26"]
[Board "45"]

1. d4 Nf6 2. c4 c5 3. d5 b5 4. cxb5 a6 5. e3 axb5 6. Bxb5 g6 7. Nc3 Bg7 8. a4 O-O 9. e4 d6 10. Nf3 Ba6 11. Bf4 Qa5 12. O-O Qb4 13. Qc2 Bxb5 14. axb5 Rxa1 15. Rxa1 Nbd7 16. Ra4 Rc8 17. Rxb4 cxb4 18. Bd2 Nb6 19. Qd3 bxc3 20. Bxc3 Rc4 21. Nd4 Nxe4 22. Qxe4 Bxd4 23. Qxe7 Nxd5 24. Qe8+ Kg7 25. Bxd4+ Rxd4 26. g3 Rd1+ 27. Kg2 Rd2 28. Qc6 Kg8 29. Kf1 Nb4 30. Qc8+ Kg7 31. Qc3+ 1-0


[Site "https://www.chess.com"]

[Event "Titled Tuesday Blitz August 1 Late 2023"]
[White "Golubka, Petro"]
[Black "Bochnicka, Vladimir"]
[WhiteFideId "14114224"]
[BlackFideId "14943450"]
[WhiteElo "2741"]
[BlackElo "2492"]
[Result "0-1"]
[Round "3"]
[TimeControl "180+1"]
[Date "2023.08.01"]
[WhiteClock "0:00:01"]
[BlackClock "0:00:36"]
[Board "46"]

1. e4 c5 2. b3 Nc6 3. Bb2 e5 4. Bb5 Nge7 5. Nf3 d6 6. c3 a6 7. Bxc6+ Nxc6 8. d4 Bg4 9. d5 Ne7 10. h3 Bd7 11. Nbd2 b5 12. c4 b4 13. h4 h5 14. a3 a5 15. Nf1 Ng6 16. Ne3 Be7 17. g3 Nf8 18. Qe2 Nh7 19. axb4 axb4 20. Rxa8 Qxa8 21. Kd2 Nf6 22. Qd3 O-O 23. Ra1 Qb7 24. Kc2 Ra8 25. Rxa8+ Qxa8 26. Nh2 Ng4 27. Nhxg4 hxg4 28. Nf5 Bf8 29. Qe2 g6 30. Ne3 f5 31. h5 Qc8 32. hxg6 f4 33. gxf4 exf4 34. e5 dxe5 35. Nf1 Bf5+ 36. Kc1 Bg7 37. Nd2 Bxg6 38. Ne4 Qf5 0-1


[Site "https://www.chess.com"]

[Event "Titled Tuesday Blitz August 1 Late 2023"]
[White "Klukin, Kirill"]
[Black "Baches Garcia, Guillermo"]
[WhiteFideId "24199273"]
[BlackFideId "2209764"]
[WhiteElo "2693"]
[BlackElo "2448"]
[Result "1/2-1/2"]
[Round "3"]
[TimeControl "180+1"]
[Date "2023.08.01"]
[WhiteClock "0:00:16"]
[BlackClock "0:00:46"]
[Board "47"]

1. f4 g6 2. Nf3 Bg7 3. g3 d5 4. Bg2 Nh6 5. O-O O-O 6. d3 d4 7. c4 dxc3 8. Nxc3 Nf5 9. e4 Nd4 10. Be3 c5 11. Qd2 Nbc6 12. Rac1 b6 13. Ne2 Ba6 14. Rfd1 Qd7 15. Nfxd4 Nxd4 16. e5 Nxe2+ 17. Qxe2 Rad8 18. Rc3 Qe6 19. Qf2 Rd7 20. d4 cxd4 21. Rxd4 Rxd4 22. Bxd4 Qxa2 23. h4 Rc8 24. h5 Rxc3 25. Bxc3 Qb1+ 26. Kh2 Qd1 27. Bf3 Qf1 28. Qe3 Qd3 29. Qf2 Qf1 30. Qe3 Qd3 31. Qf2 Qf1 1/2-1/2


[Site "https://www.chess.com"]